Map: Frozen Temple

Players

Miszu - Winner!

  • Race: Terran Terran
  • League: Master

RadekDaNa

  • Race: Zerg Zerg
  • League: Grandmaster

VOD

Have the link to the VOD?

Description

Time

  • Played on: April 30, 2016, 5:04 p.m.
  • Length: 9:34
Show
View Real Time Build Order
Export as new Build Order

Miszu Terran - Winner!

Build Orders: Liberator Opening, Reaper Expand, MMM Bio 

Get SALT Encoding   

  12  0:00  SCV  
  13  0:13  SCV  
  14  0:21  Supply Depot  
  14  0:25  SCV  
  15  0:43  SCV  
  15  0:44  Barracks  
  15  0:47  Refinery  
  16  0:55  SCV  
  17  1:07  SCV  
  18  1:19  SCV  
  19  1:31  Orbital Command  
  19  1:32  Reaper  
  20  1:51  Command Center  
  20  1:56  SCV  
  20  2:00  Supply Depot  
  21  2:10  SCV  
  21  2:11  Barracks Reactor, Refinery  
  22  2:22  SCV  
  23  2:27  Factory  
  23  2:34  SCV  
  24  2:46  SCV  
  24  2:48  Marine x2  
  27  2:59  SCV  
  27  3:03  Orbital Command  
  28  3:07  Marine x2  
  28  3:11  SCV, Factory Tech Lab  
  28  3:12  Starport  
  31  3:17  Bunker  
  31  3:23  SCV  
  31  3:25  Marine x2  
  34  3:29  SCV  
  34  3:32  Siege Tank  
  38  3:35  SCV  
  38  3:39  Liberator  
  39  3:41  SCV  
  39  3:47  SCV  
  40  3:52  Supply Depot  
  40  3:54  SCV  
  41  3:59  SCV  
  45  4:06  SCV  
  46  4:10  Command Center  
  46  4:13  SCV  
  47  4:18  Marine x2, SCV  
  47  4:21  Supply Depot  
  50  4:26  SCV, Liberator  
  50  4:30  Barracks x2, SCV  
  52  4:38  SCV  
  53  4:42  SCV  
  57  4:50  SCV  
  58  4:54  SCV  
  58  4:57  Engineering Bay  
  58  4:58  Engineering Bay  
  59  5:02  Refinery, SCV  
  59  5:03  Refinery  
  60  5:07  SCV  
  60  5:09  Barracks  
  60  5:10  Barracks  
  62  5:17  Supply Depot  
  62  5:18  SCV  
  62  5:20  Barracks Tech Lab x2  
  62  5:26  Orbital Command  
  62  5:27  Starport Reactor  
  62  5:30  SCV  
  62  5:31  SCV  
  62  5:32  Terran Infantry Weapons Level 1, Terran Infantry Armor Level 1  
  64  5:40  Marine x2  
  66  5:42  Marine  
  66  5:43  Marine  
  66  5:45  Stimpack  
  66  5:47  Combat Shields  
  68  5:58  Barracks Reactor, Marine x2  
  68  5:59  Barracks Reactor  
  68  6:00  Supply Depot  
  68  6:02  Supply Depot, SCV x2  
  68  6:03  Orbital Command  
  72  6:05  Supply Depot  
  72  6:12  Marine  
  72  6:13  Marine  
  72  6:14  SCV  
  72  6:15  Factory Reactor  
  72  6:16  Marine  
  77  6:18  Barracks, SCV  
  77  6:20  Barracks  
  77  6:22  Barracks, Armory  
  77  6:26  SCV  
  77  6:29  SCV  
  77  6:30  SCV  
  80  6:34  Medivac x2  
  80  6:37  Marine x2  
  80  6:38  Marine, SCV  
  88  6:40  Marine  
  88  6:41  SCV  
  88  6:42  SCV  
  88  6:46  Marauder  
  93  6:48  Marauder  
  93  6:50  SCV  
  96  6:57  SCV x2  
  96  7:00  Supply Depot  
  98  7:01  Marine x2  
  98  7:02  Supply Depot, Marine x2, SCV  
  103  7:13  Barracks Tech Lab  
  100  7:16  Marine x3, Barracks Tech Lab  
  100  7:21  Terran Vehicle Weapons Level 1  
  100  7:22  Siege Tank  
  110  7:32  Marine  
  110  7:33  Marine x7  
  110  7:34  Marine x2  
  110  7:36  Supply Depot  
  116  7:38  Supply Depot  
  116  7:41  Supply Depot  
  115  7:44  Marine x2  
  115  7:46  Concussive Shells  
  115  7:50  Marine  
  122  7:51  Marauder x2  
  122  7:58  Marine x7  
  123  8:02  Marine x2  
  125  8:08  Marine  
  125  8:10  SCV, Missile Turret  
  125  8:12  Marine  
  125  8:13  Marine  
  125  8:15  SCV  
  125  8:16  Marine x3, Missile Turret  
  130  8:21  Starport  
  130  8:25  Bunker, Refinery, SCV, Missile Turret  
  129  8:28  Refinery  
  123  8:36  SCV x2  
  123  8:38  SCV  
  123  8:40  Marine  
  127  8:48  SCV x2  
  128  8:50  SCV  
  124  8:59  Marine x11  
  124  9:00  SCV x2  
  124  9:02  SCV  
  125  9:10  Marine  
Show
View Real Time Build Order
Export as new Build Order

RadekDaNa Zerg 

Build Orders: Hatch First 

Get SALT Encoding   

  12  0:01  Drone  
  13  0:12  Overlord  
  13  0:17  Drone  
  14  0:30  Drone x2  
  14  0:34  Drone  
  17  0:52  Hatchery  
  17  0:54  Drone  
  17  0:57  Drone  
  18  1:08  Extractor  
  17  1:12  Spawning Pool  
  17  1:15  Drone  
  17  1:18  Drone  
  18  1:28  Drone  
  19  1:38  Overlord  
  19  1:49  Drone  
  20  1:59  Queen  
  20  2:00  Zergling x2  
  23  2:03  Zergling x2, Queen  
  26  2:11  Metabolic Boost, Drone  
  26  2:14  Drone  
  28  2:25  Drone  
  28  2:26  Drone  
  30  2:34  Drone  
  31  2:39  Queen, Drone  
  33  2:50  Overlord  
  33  2:52  Overlord  
  33  2:54  Pneumatized Carapace  
  33  2:55  Drone  
  34  2:59  Drone  
  35  3:09  Drone x2  
  37  3:16  Zergling x2  
  37  3:19  Drone x4  
  42  3:21  Drone  
  42  3:23  Drone x2  
  45  3:27  Overlord  
  45  3:33  Drone  
  46  3:35  Hatchery  
  46  3:40  Drone  
  46  3:44  Overlord  
  46  3:47  Extractor  
  45  3:50  Overlord  
  45  3:51  Drone x2  
  45  3:54  Drone x2  
  45  3:55  Drone x2  
  51  4:00  Spore Crawler  
  50  4:03  Queen  
  50  4:05  Drone  
  50  4:09  Drone  
  54  4:15  Evolution Chamber x2  
  52  4:19  Zergling x4  
  52  4:22  Zergling x6  
  52  4:24  Overlord  
  57  4:25  Drone x2  
  57  4:29  Extractor  
  58  4:33  Overlord  
  58  4:35  Drone  
  59  4:41  Zerg Ground Armor Level 1  
  59  4:42  Zerg Missile Weapons Level 1  
  59  4:45  Lair  
  59  4:47  Drone  
  59  4:48  Spore Crawler  
  59  4:52  Spore Crawler  
  58  4:55  Queen  
  60  5:00  Overlord, Drone  
  60  5:03  Zergling x4  
  63  5:08  Zergling x6  
  63  5:10  Drone  
  63  5:13  Drone  
  68  5:15  Drone x2  
  68  5:18  Overlord  
  68  5:19  Drone x2  
  72  5:21  Drone  
  72  5:24  Overlord  
  72  5:27  Drone  
  72  5:29  Drone  
  72  5:33  Extractor  
  72  5:34  Drone x2  
  74  5:36  Roach Warren  
  74  5:38  Drone  
  74  5:42  Drone x3  
  77  5:44  Drone x2  
  78  5:51  Spire, Drone  
  78  5:54  Extractor  
  78  5:55  Extractor  
  76  6:02  Overlord  
  76  6:07  Zergling x4  
  76  6:08  Zergling x2  
  79  6:12  Overlord  
  79  6:14  Overlord  
  79  6:16  Glial Reconstitution  
  79  6:17  Roach x6  
  91  6:24  Roach x4  
  99  6:29  Drone x3  
  102  6:39  Drone x2  
  105  6:40  Drone  
  105  6:43  Drone x2  
  105  6:45  Drone x2  
  105  6:46  Drone x3  
  111  7:01  Overlord  
  111  7:03  Mutalisk x4  
  111  7:04  Mutalisk x3  
  125  7:09  Mutalisk  
  127  7:20  Overlord x2  
  127  7:23  Hatchery  
  127  7:27  Zergling x14  
  127  7:28  Zergling x2  
  134  7:33  Overlord  
  134  7:42  Overlord  
  134  7:43  Infestation Pit, Roach x3  
  139  7:48  Roach x2  
  143  7:53  Overlord  
  143  7:56  Roach x4  
  151  7:58  Ravager  
  151  7:59  Ravager  
  153  8:09  Roach x7  
  167  8:16  Ravager  
  167  8:17  Ravager, Drone  
  167  8:18  Drone  
  167  8:19  Drone  
  172  8:21  Drone  
  172  8:22  Overlord, Drone x2  
  172  8:26  Drone x3  
  178  8:28  Overlord  
  178  8:30  Drone x2  
  178  8:36  Extractor  
  178  8:37  Extractor  
  178  8:40  Zergling x10  
  181  8:50  Zergling x12  
  181  8:54  Zergling x6  
  189  9:00  Overlord  
  183  9:06  Zergling x6  
  183  9:07  Zergling x10  
  183  9:08  Zergling x8  
  149  9:16  Zergling x2  
Tags
 
Add a new tag
Caveats
  • Supply blocks, unpowered buildings, or Contaminate may cause inaccurate times.
  • Supply counts are checked every 10 seconds.